 Dungeon Crawl Stone Soup version 0.17-a0-1651-gae1a69f (webtiles) character file.

126 Grimur the Chopper (level 4, 0/61 HPs)
             Began as a Minotaur Berserker on Aug 14, 2015.
             Was a Priest of Trog.
             Killed from afar by an orc wizard (7 damage)
             ... with a magic dart
             ... on level 3 of the Dungeon.
             The game lasted 00:09:49 (2585 turns).

Grimur the Chopper (Minotaur Berserker)             Turns: 2585, Time: 00:09:49

Health: 0/61       AC:  7    Str: 28    XL:     4   Next: 84%
Magic:  3/3        EV: 11    Int:  4    God:    Trog [***...]
Gold:   109        SH:  0    Dex:  9    Spells: 0 memorised, 3 levels left

rFire  . . .     SeeInvis .     a - +0 hand axe
rCold  . . .     Clarity  .     n - +0 scale mail
rNeg   . . .     SustAt   .     (no shield)
rPois  .         Gourm    .     (helmet restricted)
rElec  .         Spirit   .     l - +0 cloak
rCorr  .         Warding  .     (no gloves)
rMut   .         Stasis   .     (no boots)
MR     .....                    (no amulet)
Stlth  ..........               (no ring)
                                g - ring of stealth

@: berserking, very quick, not resistant to hostile enchantments, extremely
unstealthy
A: retaliatory headbutt, horns 2
a: Burn Spellbooks, Berserk, Trog's Hand, Renounce Religion


You were on level 3 of the Dungeon.
You worshipped Trog.
Trog was most pleased with you.
You were hungry.

You visited 1 branch of the dungeon, and saw 3 of its levels.

You collected 109 gold pieces.

Inventory:

Hand weapons
 a - a +0 hand axe (weapon)
 b - a +0 whip
 h - a +0 spear
Armour
 l - a +0 cloak (worn)
 n - a +0 scale mail (worn)
Jewellery
 g - a ring of stealth (left hand)
Scrolls
 d - a scroll of fear
 j - a scroll of identify
 k - a scroll of teleportation {unknown}
Potions
 m - a potion of brilliance
Comestibles
 c - 2 bread rations
 f - a fruit
 i - a meat ration


   Skills:
 * Level 4.8 Fighting
 * Level 5.0 Axes
 + Level 0.0(3.0) Maces & Flails
 + Level 3.1 Armour
 + Level 3.1 Dodging


You had 3 spell levels left.
You didn't know any spells.

Dungeon Overview and Level Annotations

Branches:
Dungeon (3/15)

Altars:


Innate Abilities, Weirdness & Mutations

You reflexively headbutt those who attack you in melee.
You have a pair of horns on your head.


Message History

The orc wizard hits you but does no damage.
You barely miss the orc wizard. Your headbutt misses the orc wizard.
The orc wizard is heavily wounded.
The orc wizard points at you and mumbles some strange words.
The puff of flame hits you!
* * * LOW HITPOINT WARNING * * *
You hit the orc wizard. Your headbutt misses the orc wizard.
The orc wizard is severely wounded.
The orc wizard completely misses you.
The orc wizard mumbles some strange words.
The orc wizard seems to speed up.
Use which ability? (? or * to list)
A red film seems to cover your vision as you go berserk!
You feel yourself moving faster!
You feel mighty!
You are feeling hungry.
The orc priest calls upon Beogh to heal the orc.
The orc's wounds heal themselves!
The orc wizard casts a spell at you. The magic dart hits you!
You die...

.. .# #.#
...##..########
..o............
#..<.#
###..#######
#oo.......
##o######.
#####@##
.##......#####..
................
###....#.######.
######.#
####.######
#.........#
#.###.###.# #
#.....#


You could see an orc priest, an orc wizard and an orc.

Vanquished Creatures
  6 adders (D:2)
  An ooze (D:1)
  A worm (D:2)
  An orc (D:3)
  8 goblins
  8 hobgoblins
  8 kobolds
  A quokka (D:2)
  12 bats
  2 giant cockroaches
  2 giant geckos (D:2)
  3 giant newts
  6 jackals
  2 rats
61 creatures vanquished.

Notes
Turn   | Place    | Note
--------------------------------------------------------------
     0 | D:1      | Grimur the Minotaur Berserker began the quest for the Orb.
     0 | D:1      | Reached XP level 1. HP: 19/19 MP: 0/0
     2 | D:1      | Noticed a formicid
     4 | D:1      | Noticed a merfolk
     4 | D:1      | Noticed a dwarf
     6 | D:1      | Noticed a human
     6 | D:1      | Noticed a minotaur
     8 | D:1      | Noticed a felid
    10 | D:1      | Noticed a gargoyle
    10 | D:1      | Noticed an octopode
    12 | D:1      | Noticed a demonspawn
    12 | D:1      | Noticed a ghoul
    14 | D:1      | Noticed a draconian
    14 | D:1      | Noticed a tengu
    16 | D:1      | Noticed an elf
    18 | D:1      | Noticed a vampire
    18 | D:1      | Noticed a naga
    22 | D:1      | Noticed a spriggan
    22 | D:1      | Noticed a centaur
    24 | D:1      | Noticed an ogre
    24 | D:1      | Noticed a troll
    26 | D:1      | Noticed a demigod
    26 | D:1      | Noticed a vine stalker
   216 | D:1      | Reached XP level 2. HP: 22/27 MP: 1/1
   304 | D:1      | Reached skill level 4 in Axes
   772 | D:1      | Acquired Trog's second power
   772 | D:1      | Reached XP level 3. HP: 31/33 MP: 2/2
  1251 | D:2      | Found a faded altar to an unknown god.
  1484 | D:2      | Reached XP level 4. HP: 36/41 MP: 3/3
  2452 | D:2      | Reached skill level 5 in Axes
  2585 | D:3      | Killed from afar by an orc wizard

Vault maps used:
D:1:      kb_arrival_jail
D:2:      ecumenical_altar_1
D:3:      zin_statuary, first_bread, minmay_misc_feat_pillars, lemuel_tele_altar

Action                   |  1- 3 |  4- 6 || total
-------------------------+-------+-------++-------
Melee: Hand axe          |    65 |    50 ||   115
Invok: Berserk           |       |     1 ||     1
  Use: Scroll            |     7 |       ||     7
       Potion            |     1 |     1 ||     2
 Stab: Sleeping          |     4 |       ||     4
  Eat: Chunk             |     2 |     3 ||     5
